Cogmind - Beta 13 @@@ ROGUE MODE // 2024.04.20 @ 20:02:29 Player: puppuppit Result: Destroyed by G-47 Trooper with Particle Gun Performance ------------- Evolutions (2) 1000 Regions Visited (3) 600 Robots Destroyed (65) 325 Value Destroyed (1797) 1797 Prototype IDs (16) 320 Alien Tech Used (0) 0 Bonus (291) 291 TOTAL SCORE: 4333 Bonus ------- High Alert Combat Kills 291 Cogmind --------- Core Integrity 0/550 Matter 259/300 Energy 158/160 System Corruption 2% Temperature Cool (9) Movement Hovering (111) Ox1 Location -8/Materials Parts ------- > --- POWER (1) -------- Light Nuclear Core > --- PROPULSION (6) --- Hover Unit Aerolev Unit Flight Unit Flight Unit > --- UTILITY (2) ------ Small Storage Unit Advanced Targeting Computer > --- WEAPON (2) ------- Improved Assault Rifle Improved Assault Rifle > --- INVENTORY (8) ---- Light Angular Momentum Engine Large Matter Pod (150) Subdweller Optics Hardened Medium Armor Plating Hacking Suite System Shield Long-range Tractor Beam Peak State ------------ > --- POWER ------------ Light Deuterium Engine > --- PROPULSION ------- Cargo Legs Wheel Subdweller Monowheel Subdweller Monowheel Improved Hover Unit > --- UTILITY ---------- Small Storage Unit Large Matter Pod Large Matter Pod Structural Scanner > --- WEAPON ----------- Battle Rifle Subdweller Machine Gun > --- INVENTORY -------- Light Ion Engine Light Nuclear Core Large Matter Pod Subdweller Optics Tractor Beam Subdweller Machine Gun Grenade Launcher [Rating: 35] Favorites ----------- Power Light Nuclear Core Engine Light Ion Engine Power Core Light Nuclear Core Propulsion Flight Unit Leg Cargo Legs Wheel Wheel Hover Unit Aerolev Unit Flight Unit Flight Unit Utility Small Storage Unit Device Structural Scanner Storage Small Storage Unit Processor Advanced Targeting Computer Weapon Improved Assault Rifle Energy Gun Small Laser Ballistic Gun Improved Assault Rifle Ballistic Cannon Assault Cannon Launcher Grenade Launcher Build | -11 -10 -10 -8 ------- Run | Yrd Mat Sub Mat Slots Evolved 4 | . . . 4 Power . | . . . . Propulsion 4 | . . . 4 Utility . | . . . . Weapon . | . . . . Parts Attached 96 | 9 14 8 65 Power 16 | 1 2 . 13 Engine 9 | 1 1 . 7 Core 7 | . 1 . 6 Reactor . | . . . . Propulsion 40 | 5 6 3 26 Treads . | . . . . Leg 1 | . . 1 . Wheel 18 | 5 6 2 5 Hover 7 | . . . 7 Flight 14 | . . . 14 Utility 13 | 1 1 3 8 Device 6 | . 1 1 4 Storage 5 | 1 . 2 2 Processor 2 | . . . 2 Hackware . | . . . . Protection . | . . . . Artifact . | . . . . Weapon 27 | 2 5 2 18 Energy Gun 4 | 1 3 . . Energy Cannon . | . . . . Ballistic Gun 18 | 1 1 2 14 Ballistic Cannon 3 | . . . 3 Launcher 2 | . 1 . 1 Special Weapon . | . . . . Impact Weapon . | . . . . Slashing Weapon . | . . . . Piercing Weapon . | . . . . Special Melee Weapon . | . . . . Unidentified Prototypes 3 | . . . 3 Parts Lost 27 | . 5 . 22 Power 2 | . 1 . 1 Propulsion 16 | . 2 . 14 Utility 1 | . . . 1 Weapon 8 | . 2 . 6 Highest Loss Streak 8 | . 3 . 8 To Critical Strikes . | . . . . Average Slot Usage (%) 90 | . 93 91 89 Engine 3 | . 11 . 3 Core 5 | . 2 12 4 Leg 3 | . . 7 2 Wheel 7 | . 28 8 3 Hover 1 | . . . 2 Flight 22 | . . . 34 Device 6 | . 8 12 3 Storage 15 | . 14 26 12 Processor 3 | . . . 4 Energy Gun 1 | . 15 . . Ballistic Gun 11 | . 11 12 11 Ballistic Cannon 3 | . . . 4 Launcher 2 | . . 12 . Naked Turns . | . . . . Heaviest Build 24 | 10 15 22 24 Greatest Support 60 | 32 26 55 60 Greatest Overweight (x) 1 | . 1 . 1 Average Overweight (x) . | . . . . Largest Inventory Capacity 8 | 8 8 8 8 Average Capacity 7 | 7 8 8 8 Most Carried 8 | 5 8 8 8 Average Carried 7 | 1 7 7 7 Final Capacity 8 | 8 8 8 8 Final Carried 8 | 4 8 8 7 Class Distribution -------------------- 45% | Mutant 29% | Scavenger-Sprinter 19% | Scavenger-Mutant 5% | Derelict-Mutant Dominant Class ---------------- Mutant | -10/Materials Mutant | -10/Subcaves Scavenger-Sprinter | -8/Materials Resources | -11 -10 -10 -8 ----------- Run | Yrd Mat Sub Mat Matter Collected 3031 | 301 401 309 2020 Remotely 206 | . . . 206 Salvage Created 2077 | 192 259 73 1553 Parts 142 | 16 19 5 102 Haulers Intercepted 2 | . . . 2 Recyclers Shooed 1 | . . . 1 Parts Field Recycled . | . . . . Retrieved Matter . | . . . . Parts Self-Destructed 4 | . . 4 . Prevented . | . . . . Kills | -11 -10 -10 -8 ------- Run | Yrd Mat Sub Mat Combat Hostiles Destroyed 43 | . 4 3 36 Melee 1 | . . . 1 Guns 26 | . 3 1 22 Cannons 13 | . . . 13 AOE 3 | . 1 2 . Classes Destroyed 14 | 3 2 2 7 Worker 5 | 2 2 . 1 Builder 1 | . . . 1 Tunneler 4 | 4 . . . Hauler 2 | . . . 2 Recycler 2 | 1 . . 1 Mechanic 1 | . . . 1 Operator 3 | . 1 . 2 Watcher 4 | . . . 4 Swarmer 12 | . . 1 11 Grunt 18 | . 4 . 14 Sentry 8 | . . . 8 Hunter 2 | . . . 2 Heavy 1 | . . . 1 Subdweller 2 | . . 2 . Best Kill Streak 6 | 4 3 2 6 Combat Bots Only 6 | . 2 2 6 Max Kills in Single Turn 2 | 1 1 1 2 Gunslinging . | . . . . Exploded 1 | . 1 1 . Melee 1 | . . . 1 Uniques/NPCs Destroyed . | . . . . Combat | -11 -10 -10 -8 -------- Run | Yrd Mat Sub Mat Hostile Shots Fired 333 | . 28 9 296 Missed 101 | . 6 4 91 Damage Taken 3262 | . 396 93 2773 Core 651 | . 65 23 563 Absorbed by Shields . | . . . . Regen/Repaired (Parts) 167 | . . . 167 Core Remaining (%) 82 | 100 . 64 . Volleys Fired 263 | 21 30 12 200 Largest 2 | 2 2 2 2 Hottest 88 | 60 80 55 88 Shots Fired 483 | 42 57 15 369 Gun 371 | 42 55 6 268 Cannon 100 | . . . 100 Launcher 12 | . 2 9 1 Special . | . . . . Kinetic 419 | 21 24 6 368 Thermal 42 | 21 21 . . Explosive 12 | . 2 9 1 Electromagnetic 10 | . 10 . . Robot Hit Streak 25 | 8 10 3 25 Robot Miss Streak 5 | 2 4 1 5 Penetration Max . | . . . . Secondary Targets 3 | . . . 3 Max Gunslinging Chain 1 | . . . 1 Shots Hit Robots 314 | 27 38 5 244 Core Hits 123 | 9 16 6 92 Critical Kills 1 | . . . 1 Critical Parts Destroyed 1 | . . . 1 Critical Strikes 2 | . . . 2 Destroy 2 | . . . 2 Melee Attacks . | . . . . Impact . | . . . . Slashing . | . . . . Piercing . | . . . . Sneak Attacks . | . . . . Combat Hostiles . | . . . . Follow-up Attacks . | . . . . Damage Inflicted 5192 | 260 472 296 4164 Guns 3427 | 260 389 31 2747 Cannons 1403 | . . . 1403 Explosions 348 | . 83 265 . Melee . | . . . . Ramming 14 | . . . 14 Kinetic 4429 | 105 143 31 4150 Thermal 351 | 155 196 . . Explosive 307 | . 42 265 . Electromagnetic 91 | . 91 . . Impact . | . . . . Slashing . | . . . . Piercing . | . . . . Highest Corruption 2 | . . . 2 Average Corruption 1 | . . . 1 Corruption Purged . | . . . . Corruption Blocked . | . . . . Effects 16 | . . . 16 Message Errors 5 | . . . 5 Matter Fused 5 | . . . 5 Energy Discharges 2 | . . . 2 Data Loss (major) 1 | . . . 1 Misfires 1 | . . . 1 Alerts 1 | . . . 1 Weapon Failures 1 | . . . 1 Overload Shots . | . . . . Overflow Damage 14 | . 13 . 1 Projectiles 1 | . . . 1 Explosions 13 | . 13 . . Melee . | . . . . Knockbacks 4 | . . . 4 Impact . | . . . . Kinetic 4 | . . . 4 Secondary . | . . . . Self-Inflicted Damage 131 | . 119 . 12 Shots 5 | . 4 . 1 Rammed 2 | . . . 2 Targets Rammed 4 | . . . 4 Kicked 2 | . . . 2 Crushed . | . . . . Highest Temperature 328 | 60 144 . 328 Average Temperature 60 | 24 51 . 66 Received Heat Transfer 1020 | . 183 . 837 Effects 2 | . . . 2 Interference 2 | . . . 2 Siege Activations . | . . . . Robots Corrupted . | . . . . Combat Hostiles . | . . . . Parts Fried . | . . . . Impact Corruptions . | . . . . Robots Melted . | . . . . Combat Hostiles . | . . . . Parts Melted 2 | 1 1 . . Heat Transferred 750 | 350 400 . . Parts Sabotaged . | . . . . Parts Stolen . | . . . . Parts Stripped . | . . . . Power Chain Reactions 2 | . 2 . . Alert | -11 -10 -10 -8 ------- Run | Yrd Mat Sub Mat Peak Influence 877 | 35 176 . 877 Initial 22 | . 22 . . Average 362 | 14 93 . 436 Maximum Alert Level 3 | . . . 3 Low Security (%) 40 | 100 100 . 24 Level 1 26 | . . . 32 Level 2 10 | . . . 13 Level 3 23 | . . . 29 Level 4 . | . . . . Level 5 . | . . . . High Security . | . . . . Max Security . | . . . . Squads Dispatched 7 | . 1 . 6 Investigation 2 | . . . 2 Extermination . | . . . . Reinforcement 5 | . 1 . 4 Assault . | . . . . Garrison . | . . . . Intercept . | . . . . Searches Triggered . | . . . . Construction Impeded 1 | . . . 1 Haulers Reinforced . | . . . . Active Scanning Responses . | . . . . Cargo Convoy Interrupts . | . . . . Stealth | -11 -10 -10 -8 --------- Run | Yrd Mat Sub Mat Distress Signals 8 | . 2 . 6 Communications Jammed . | . . . . Distress Signals . | . . . . Times Spotted 82 | . 8 6 68 Peak Tracking Total 6 | . 3 2 6 Tactical Retreats 7 | . . . 7 Traps | -11 -10 -10 -8 ------- Run | Yrd Mat Sub Mat Traps Triggered 3 | . . . 3 Indirectly . | . . . . Trap Hack Attempts . | . . . . Triggered . | . . . . Disarmed . | . . . . Reprogrammed 6 | . 6 . . Reused . | . . . . Traps Extracted . | . . . . Installed . | . . . . Triggered 1 | . . 1 . Machines | -11 -10 -10 -8 ---------- Run | Yrd Mat Sub Mat Machines Disabled 4 | . 1 2 1 Max in Single Turn 2 | . 1 2 1 Machines Repaired . | . . . . Machines Dismantled . | . . . . Machines Sabotaged . | . . . . Overloaded Fab Kills . | . . . . Hacking | -11 -10 -10 -8 --------- Run | Yrd Mat Sub Mat Machines Accessed 18 | . 7 1 10 Terminals 10 | . 4 . 6 Fabricators . | . . . . Repair Stations 3 | . 1 . 2 Recycling Units 2 | . 2 . . Scanalyzers 2 | . . . 2 Garrison Access . | . . . . Total Hacks 59 | . 20 9 30 Successful 34 | . 9 9 16 Failed 24 | . 10 . 14 Catastrophic 3 | . 1 . 2 Database Lockouts 1 | . 1 . . Manual 17 | . 6 . 11 Terminals 30 | . 15 . 15 Fabricators . | . . . . Repair Stations 13 | . 2 . 11 Recycling Units 3 | . 3 . . Scanalyzers 4 | . . . 4 Garrison Access . | . . . . Terminal Hacks 20 | . 6 9 5 Record 9 | . 1 8 . Robot Schematic 1 | . . . 1 Robot Analysis 5 | . 2 . 3 Prototype ID Bank 2 | . 2 . . Reprogram Traps 1 | . 1 . . Zone Layout 1 | . . . 1 Derelict Proto ID Bank 1 | . . 1 . Fabricator Hacks . | . . . . Repair Station Hacks 8 | . . . 8 Scan Component 4 | . . . 4 Repair 4 | . . . 4 Recycling Unit Hacks 3 | . 3 . . Retrieve Components 3 | . 3 . . Scanalyzer 3 | . . . 3 Insert Component 2 | . . . 2 Analyze 1 | . . . 1 Garrison Access Hacks . | . . . . Unauthorized Hacks . | . . . . Terminals . | . . . . Fabricators . | . . . . Repair Stations . | . . . . Recycling Units . | . . . . Scanalyzers . | . . . . Garrison Access . | . . . . Data Cores Recovered 1 | . . . 1 Used 1 | . . . 1 Hacking Detections 16 | . 6 . 10 Full Trace Events 3 | . 2 . 1 Feedback Events . | . . . . Feedback Blocked . | . . . . Robot Schematics Acquired 1 | . . . 1 Robots Built . | . . . . Authchips . | . . . . Time . | . . . . Total Robot Build Rating . | . . . . Part Schematics Acquired 1 | . . . 1 Parts Built . | . . . . Authchips . | . . . . Time . | . . . . Total Part Build Rating . | . . . . Parts Repaired 4 | . . . 4 Time 122 | . . . 122 Parts Recycled . | . . . . Recycled Matter . | . . . . Retrieved Matter . | . . . . Retrieved Components 3 | . 3 . . Parts Scanalyzed 2 | . . . 2 Part Schematics Acquired 1 | . . . 1 Parts Damaged . | . . . . Bothacking | -11 -10 -10 -8 ------------ Run | Yrd Mat Sub Mat Used RIF Installer . | . . . . Robots Hacked . | . . . . Non-combat . | . . . . Combat . | . . . . Robot Hacks Applied . | . . . . Relay Couplers Released . | . . . . Fabnet Peak Effective % . | . . . . Robots Rewired . | . . . . Allies Hacked . | . . . . Hacks Repelled . | . . . . Allies | -11 -10 -10 -8 -------- Run | Yrd Mat Sub Mat Total Allies . | . . . . Largest Group . | . . . . Highest-Rated Group . | . . . . Highest-Rated Ally . | . . . . Total Orders . | . . . . Ally Attacks . | . . . . Total Damage . | . . . . Kills . | . . . . Allies Corrupted . | . . . . Allies Melted . | . . . . Intel | -11 -10 -10 -8 ------- Run | Yrd Mat Sub Mat Robot Analysis Total 5 | . 2 . 3 Derelict Logs Recovered . | . . . . Drone Launches . | . . . . Drone Recoveries . | . . . . Exploration | -11 -10 -10 -8 ------------- Run | Yrd Mat Sub Mat Turns Passed 2522 | 116 289 527 1590 Spaces Moved 2147 | 45 211 410 1481 Core 1 | 1 . . . Treads . | . . . . Legs 273 | . . 249 24 Wheels 525 | 44 211 161 109 Hover 114 | . . . 114 Flight 1234 | . . . 1234 Fastest Speed 24 | 50 80 90 24 Average Speed 64 | 89 82 116 47 Slowest Speed 145 | 100 95 130 145 Overloaded Moves . | . . . . Propulsion Burnouts . | . . . . Robots Hopped 23 | . . . 23 Cave-ins Triggered . | . . . . Exploration Rate (%) 36 | 4 39 21 82 Regions Visited 3 Branch Regions 1 Pre-discovered Areas . | . . . . Known Exits Taken . | . . . . Unknown Exits Taken 3 | 1 1 1 . Scrap Searched 6 | . . 6 . Spaces Dug 7 | . . . 7 Terrain Destroyed 102 | . 15 60 27 Melee . | . . . . Projectile 22 | . . . 22 AOE 80 | . 15 60 5 Terrain Rammed . | . . . . Walls Destroyed . | . . . . Machines Disabled . | . . . . Actions | -11 -10 -10 -8 --------- Run | Yrd Mat Sub Mat Total 2801 | 79 272 450 2000 Wait 219 | . 8 2 209 Move 2098 | 44 210 409 1435 Hop 23 | . . . 23 Pick Up 40 | 3 6 7 24 Fast Attach 35 | 6 3 1 25 Attach 23 | . 6 2 15 Detach 13 | . 3 1 9 Swap 38 | 3 5 5 25 Drop 45 | 2 1 11 31 Fire 263 | 21 30 12 200 Melee . | . . . . Ram 2 | . . . 2 Kick 2 | . . . 2 Crush . | . . . . Escape Stasis . | . . . . Rewire . | . . . . Trap . | . . . . Miscellaneous . | . . . . Route ------- -11/Scrapyard -10/Materials -10/Subcaves -8/Materials (discovered 2 exits: [*Fac x2]) History --------- Turn | Location | Event 18 | -11/Scrapyard | Discovered new exit (range 15) 117 | -11/Scrapyard | Entered Materials 201 | -10/Materials | Lost 3 parts (1p2w) 273 | -10/Materials | Discovered new exit (range 11) 280 | -10/Materials | Central database locked down 303 | -10/Materials | Build established: Mutant 406 | -10/Materials | Entered Subcaves 559 | -10/Subcaves | Visited 4L-MR0's lab 579 | -10/Subcaves | Found Cargo Legs 581 | -10/Subcaves | Attached Cargo Legs, gained temporary slots: Utility x2 684 | -10/Subcaves | A swath of the cavern ceiling suddenly collapsed 929 | -10/Subcaves | Discovered new exit (range 4) 933 | -10/Subcaves | Entered Materials 933 | -8/Materials | Evolved 4 slots: Propulsion x4 1207 | -8/Materials | Lost 8 parts (1p3n4w) 1285 | -8/Materials | Lost 4 parts (2n1u1w) 1424 | -8/Materials | Repaired Structural Scanner 1452 | -8/Materials | Repaired Lgt. Assault Rifle 1605 | -8/Materials | Discovered new exit (range 15) 1678 | -8/Materials | Repaired Sub. Optics 1754 | -8/Materials | Repaired Assault Cannon 1775 | -8/Materials | Build established: Scavenger-Sprinter 1890 | -8/Materials | Core integrity fell below 50% 2233 | -8/Materials | Core integrity fell below 20% 2298 | -8/Materials | Discovered new exit (range 11) 2523 | -8/Materials | Destroyed by G-47 Trooper with Particle Gun Last Messages --------------- 02420_ Acquired Backup Propulsion I. 02421_ Acquired 10 matter. 02425_ Acquired 8 matter. 02437_ Dropped Adv. Heat Sink. 02438_ Acquired Hrd. Medium Armor Plating. 02439_ O-16 Technician destroyed. 02440_ K-01 Serf collects debris. 02443_ Acquired 18 matter. 02445_ K-01 Serf collects debris. 02461_ H-61 Shepherd calls for reinforcements. 02461_ ALERT: Hostile activity reported, dispatching reinforcements to area. 02466_ Backup Propulsion I destroyed. 02466_ H-61 Shepherd destroyed. 02470_ Acquired 13 matter. 02476_ K-01 Serf collects debris. 02481_ Flight Unit destroyed. 02482_ K-01 Serf collects debris. 02509_ Imp. Assault Rifle destroyed. 02517_ G-47 Trooper suffers critical hit (Destroy). 02517_ G-47 Trooper destroyed. Map ----- +----------------------------------------------------+ | ?????????????????????????????#T # ""T"" | | ?????????????????????????????#" !! # | | ?????????????????????????????## !######### | | ??????????????????????????????# [ # | | ??????????????????????????????# / ### # """ | | ??????????????????????????????# *#?# # """ | | ??????????????????????????????# #?# # """ | | ??????????????????????????????# #?# + | | ????????????????????###???????# #?# # "" | | ????????????????????# ???????# #?# # ! Y" | | ????????????????????# ???????# #?# #? ! "" | | ????????????????????# ?? #?# #?# #? | | ????????????????????# """ #?# #?# #???#?### | | ????????????????????# """ #?# #?# ##??????? | | ????????????????????# """ #?# #?# #???????? | | ????????????????????# #?# #?# ######### | | ????????????????????# #?# #?#! ## | | ????????????????????# "T" #?# ### ] ## | | ????????????????????# """ ??# ## # | | ??????????????####### ????# ## T" # | | ??????????????# !###+####### ## " + | | ??????????????# % % ## # | | ??????????????# % ## # | | ??????????????# Y% ######## | | ??????????????# ###g###########??????# | | ??????????????## ## [@ #????????######## | | ???????????????# ## #???????????????? | | ???????????????# ## [ #???????????????? | | ???????????????# ## #???????????????? | | ???????????????# ## "" "" #????????######## | | ???????????????# ## ""S"" #????????# | | ??????????????## ## """" #????????# """ | | ??????????????# #############?????#### """ | | ??????? !!! ????????????? # """ | | ??? *!%!= ?????????? + | | ???? !!! ?????? # """ | | ???? ####### ] ##### ####+##?????## # """ | | ??????????????### ###??## #????????????# # """ | | ????????????????###????## ?????????????# + | | ?????????????????????#### ### ????????##+######## | | ?????????????????????####+### ???????? #?## | | ?????????????????????## # ???????? #?## | | ?????????????????????## !! # ???????? #?## | | ?????????????????????## !! !######## """T""" #?## | | ?????????????????????## ##################?## | | ?????????????????????## # # = ##?????## | | ?????????????????????## + # ##?????## | | ?????????????????????## "" # # """"" ##?????## | | ?????????????????????## """ # + """""????###### | | ?????????????????????## S" # # """"" ?######## | +----------------------------------------------------+ Best States ------------- Heat Dissipation 50 Energy Generation 18 Energy Capacity 265 Matter Stores 582 Matter Capacity 600 Sight Range 21 Terrain Scan Density 10 Evasion (%) 65 Targeting Accuracy 8 Item Schematics ----------------- Imp. Hover Unit | -8/Materials | Scanalyzed Robot Schematics ------------------ O-24 Administrator | -8/Materials | Hacked Fabricated ------------ Nothing Alien Tech Used ----------------- None Achievements -------------- None Challenges ------------ None Game ------ Seed StorageHelicalStripper Manual? 0 Play Time 00:47:23 Cumulative 253.0 hours Start 2024.04.20 @ 19:15:59 End 2024.04.20 @ 20:02:29 Sessions 1 Manual Loads 0 Difficulty Rogue Special Mode None Game No. 103 Rogue 103 Adventurer 0 Explorer 0 Win Type - Total 1 Types 0/0/1/0/0/0/0/0/0 Lore% 64 Gallery% 71 Achievement% 58 Wizard Run 0 Options --------- Layout 0 ASCII 0 Keyboard 1 Movement Arrows Keybinds 0 Fullscreen 1 Font 12/Proggy Map View 83x54 Zoom Use 0% Tactical HUD 1 Map Filters NONE Filters NONE Steam 0 RUN: 887815bd-7ee1-4f64-9b87-8a2674267b52